AoeStats
← spadaccinho91

Arabia

510436916Analyzed
1v1 RM · 7h ago on Oct 1, 2026· 54m 23s· 2 players
Game mode
Random Map
Map size
Tiny (2 player)
Population
200
Speed
Normal
Resources
Standard
Victory
Conquest
Starting age
Dark Age
Ending age
Imperial Age
RankedLock teamsTeams togetherTeam positionsShared explorationLock speedFull tech treeHidden civsTurbo modeCheats
Victory
Defeat
🇮🇹 Bulgarians · Italy
1040
+16
🇪🇨 Mongols · Ecuador
1041
-16
spadaccinho91
10:06 Feudal Age
10:59 Arson
11:39 Loom
13:03 Double-Bit Axe
20:02 Castle Age
18:14 Scale Barding Armor
19:07 Bloodlines
22:19 Husbandry
22:27 Husbandry
22:49 Chain Barding Armor
26:18 Bow Saw
27:25 Wheelbarrow
31:25 Hand Cart
33:45 Imperial Age
31:02 Town Watch
31:17 Fletching
31:40 Elite Skirmisher
33:45 Thumb Ring
34:42 Stirrups
35:14 Conscription
36:00 Ballistics
35:51 Masonry
36:56 Conscription
36:39 Husbandry
37:40 Pikeman
38:20 Squires
41:05 Bodkin Arrow
41:11 Padded Archer Armor
41:22 Forging
41:32 Chain Barding Armor
40:50 Halberdier
43:53 Bracer
44:08 Leather Archer Armor
44:59 Chemistry
44:38 Elite Konnik
45:33 Gold Mining
46:00 Hand Cart
45:45 Town Patrol
46:02 Bow Saw
45:38 Horse Collar
48:19 Iron Casting
48:20 Plate Barding Armor
48:18 Architecture
52:53 Thumb Ring
Takipool19
5:28 Loom
9:10 Feudal Age
9:53 Double-Bit Axe
15:29 Horse Collar
23:42 Castle Age
22:07 Gold Mining
22:29 Stone Mining
23:26 Fletching
23:36 Padded Archer Armor
25:24 Wheelbarrow
27:33 Bodkin Arrow
28:50 Leather Archer Armor
30:20 Bloodlines
30:43 Husbandry
31:02 Bow Saw
38:43 Imperial Age
36:31 Hand Cart
36:10 Town Watch
37:29 Ballistics
37:36 Scale Mail Armor
37:46 Scale Barding Armor
37:52 Forging
37:05 Light Cavalry
39:58 Hussar
43:20 Chain Barding Armor
43:36 Iron Casting
43:53 Bracer
45:34 Chemistry
44:05 Elite Skirmisher
44:59 Thumb Ring
49:02 Conscription
49:45 Parthian Tactics
49:17 Heavy Cavalry Archer
Connection lost

Rejoining the realm…

Still unreachable

The connection could not be restored.

Session expired

The server has moved on; the page needs a fresh start.